 Dungeon Crawl Stone Soup version 0.18.1-50-g88ac8fd (webtiles) character file.

6654 magog001 the Blocker (level 10, -3/135 HPs)
             Began as a Minotaur Fighter on Dec 11, 2017.
             Was a Follower of Nemelex Xobeh.
             Slain by a spiny frog (14 damage)
             ... on level 1 of the Lair of Beasts on Dec 23, 2017.
             The game lasted 00:48:34 (8386 turns).

magog001 the Blocker (Minotaur Fighter)             Turns: 8386, Time: 00:48:37

Health: -3/135     AC: 28    Str: 23    XL:     10   Next: 73%
Magic:  9/9        EV:  2    Int:  5    God:    Nemelex Xobeh [*.....]
Gold:   592        SH:  0    Dex: 11    Spells: 0 memorised, 9 levels left

rFire  . . .     SeeInvis .     R - +3 battleaxe (flame)
rCold  . . .     Gourm    .     (armour currently unavailable)
rNeg   + + +     Faith    .     (shield currently unavailable)
rPois  +         Spirit   .     (helmet currently unavailable)
rElec  .         Dismiss  .     (cloak currently unavailable)
rCorr  .         Reflect  .     (gloves currently unavailable)
SustAt .         Harm     .     (boots currently unavailable)
MR     .....     NoTele   +     (no amulet)
Stlth  ++........               (no ring)
                                u - +3 ring of protection

@: lethally poisoned (-3 -> -13), tree-form, not resistant to hostile
enchantments, unstealthy
A: (retaliatory headbutt), (horns 0)
a: Renounce Religion


You were on level 1 of the Lair of Beasts.
You worshipped Nemelex Xobeh.
Nemelex Xobeh was aware of your devotion.
You were not hungry.
You were a tree.
You visited 2 branches of the dungeon, and saw 10 of its levels.
You also visited: Volcano.

You collected 592 gold pieces.

Inventory:

Hand Weapons
 a - a +3 war axe
 R - a +3 battleaxe of flaming (weapon)
Missiles
 b - 13 tomahawks (quivered)
 l - 116 sling bullets
 p - 18 poisoned needles
 v - 3 needles of paralysis
 F - 2 needles of sleeping
Armour
 d - a +2 hat (melded)
 g - a +0 pair of gloves (melded)
 o - a +0 shield
 x - a +3 plate armour (melded)
 J - a +0 pair of boots (melded)
 P - a +0 cloak (melded)
Jewellery
 u - a +3 ring of protection (left branch)
Wands
 k - a wand of digging (19/24)
 C - a wand of enslavement (11/24)
 G - a wand of lightning (8/15)
 I - a wand of polymorph (7/24)
Scrolls
 c - a scroll of blinking
 e - 6 scrolls of remove curse
 m - 3 scrolls of fog
 r - a scroll of identify
 E - a scroll of teleportation
Potions
 h - a potion of cancellation {unknown}
 i - a potion of lignification
 n - a potion of agility
 s - a potion of ambrosia {unknown}
 A - a potion of flight {unknown}
 B - a potion of haste {unknown}
 D - a potion of cure mutation {unknown}
 H - a potion of magic {unknown}
 M - a potion of heal wounds {unknown}
 N - a potion of resistance
 O - a potion of berserk rage {unknown}
Miscellaneous
 q - a plain deck of escape {drawn: 2}
 L - a plain deck of escape
Comestibles
 f - 5 bread rations
 j - 4 chunks of flesh
 t - 13 fruits
 z - 2 meat rations
 K - 11 royal jellies


   Skills:
 * Level 8.9 Fighting
 * Level 9.7 Axes
 * Level 5.4 Throwing
 * Level 9.8 Armour
 - Level 1.6 Dodging
 + Level 1.2 Stealth
 * Level 10.3 Shields
 + Level 0.5 Evocations


You had 9 spell levels left.
You didn't know any spells.

Dungeon Overview and Level Annotations

Branches:
Dungeon (8/15)             Temple (0/1) D:4            Lair (2/8) D:8

Altars:
Cheibriados
Dithmenos
Fedhas
Gozag
Nemelex Xobeh
Pakellas
Qazlal
Ru
Xom
Yredelemnul
Zin
The Shining One


Innate Abilities, Weirdness & Mutations

((You reflexively headbutt those who attack you in melee.))
((You have a pair of horns on your head.))


Message History

Your +3 plate armour melds into your body.
Your roots penetrate the ground.
You feel sick.
The water moccasin bites you but does no damage.
The iguana bites you but does no damage.
The spiny frog stings you but does no damage.
The water moccasin bites you but does no damage.
Some of the chunks of flesh in your inventory have rotted away.
You hit the iguana. You burn the iguana.
The iguana is almost dead.
You closely miss the spiny frog.
The spiny frog is lightly wounded.
You barely miss the water moccasin.
The water moccasin is moderately wounded.
You feel sick. The iguana bites you.
* * * LOW HITPOINT WARNING * * *
The water moccasin bites you.
* * * LOW HITPOINT WARNING * * *
The spiny frog stings you!
You die...
Your body disappears without a glow.

.# ##....#####...# #* #....##
#.... # ##....# ##... #####
##....## #... #P.## ##......###
#### *##..# ###### #.........#
#.#.## #....# ##.#.P.....# .##.##
##...#####F^........# .P...#
##....#..♣S...##P.### #
....####.......l.#...##....######
....##.........###...##..........
.............##............#####.
.............P...................
.................................
....................P............
.........####...........###...#..
.........#*##.#.........# #...#..


You could see a spiny frog, a water moccasin and an iguana.

Vanquished Creatures
  Erica (D:8)
  A deep elf mage (Volcano)
  A spiny frog (Lair:1)
  A rime drake (Lair:1)
  A komodo dragon (Lair:1)
  A queen bee (D:8)
  5 yaks (D:4)
  A hog (Volcano)
  A hippogriff (Lair:1)
  A vampire mosquito (D:7)
  A water moccasin (Lair:1)
  Duvessa (D:4)
  4 hell hounds
  2 ice beasts
  An orc warrior (Volcano)
  2 porcupines
  A black bear (D:6)
  A phantom (D:8)
  2 ogres (D:8)
  A centaur (D:6)
  A crocodile (D:8)
  A big kobold (D:7)
  3 giant frogs
  Dowan (D:4)
  A scorpion (D:7)
  14 killer bees (D:8)
  2 electric eels (D:7)
  2 howler monkeys
  4 crimson imps
  A hound (D:4)
  A quasit (D:8)
  2 jellies
  2 orc priests
  A giant frog skeleton (D:8)
  3 orc wizards
  3 iguanas
  4 worker ants
  7 sheep (Lair:1)
  A worker ant zombie (D:8)
  A howler monkey zombie (D:5)
  11 adders
  A shadow imp (D:6)
  An ooze (D:1)
  An adder skeleton (D:6)
  4 worms (D:2)
  6 giant geckos
  24 orcs
  6 bats
  4 giant cockroaches
  11 goblins
  6 hobgoblins
  7 jackals
  17 kobolds
  2 quokkas
  6 ball pythons
  5 giant newts
  8 rats
205 creatures vanquished.

Vanquished Creatures (others)
  A two-headed ogre (Volcano)
  An orc warrior (Volcano)
  A centaur (Volcano)
3 creatures vanquished.

Grand Total: 208 creatures vanquished

Notes
Turn   | Place    | Note
--------------------------------------------------------------
     0 | D:1      | magog001 the Minotaur Fighter began the quest for the Orb.
     0 | D:1      | Reached XP level 1. HP: 19/19 MP: 0/0
   222 | D:1      | Reached XP level 2. HP: 23/27 MP: 1/1
   364 | D:1      | Reached XP level 3. HP: 33/33 MP: 2/2
   922 | D:1      | Reached skill level 4 in Shields
  1448 | D:2      | Reached skill level 1 in Dodging
  1448 | D:2      | Reached XP level 4. HP: 23/41 MP: 3/3
  2271 | D:3      | Found a glowing golden altar of the Shining One.
  2273 | D:3      | Noticed an angel
  2278 | D:3      | Found a basalt altar of Yredelemnul.
  2281 | D:3      | Noticed a profane servitor
  2315 | D:3      | Reached skill level 5 in Armour
  2447 | D:3      | Found an oddly glowing altar of Pakellas.
  2516 | D:3      | Reached XP level 5. HP: 32/47 MP: 4/4
  2776 | D:3      | Found a glowing silver altar of Zin.
  2785 | D:3      | Found a snail-covered altar of Cheibriados.
  2787 | D:3      | Found a sacrificial altar of Ru.
  2832 | D:4      | Found an opulent altar of Gozag.
  2986 | D:4      | Reached XP level 6. HP: 46/53 MP: 5/5
  3129 | D:4      | Noticed a yak
  3129 | D:4      | Noticed a yak
  3130 | D:4      | Noticed a yak
  3131 | D:4      | Noticed a yak
  3133 | D:4      | Noticed a yak
  3137 | D:4      | Killed a yak
  3137 | D:4      | Reached skill level 5 in Fighting
  3137 | D:4      | Reached skill level 1 in Throwing
  3139 | D:4      | Killed a yak
  3139 | D:4      | Reached skill level 5 in Shields
  3139 | D:4      | Reached XP level 7. HP: 43/61 MP: 6/6
  3143 | D:4      | Killed a yak
  3143 | D:4      | Reached skill level 5 in Axes
  3143 | D:4      | Killed a yak
  3145 | D:4      | Killed a yak
  3145 | D:4      | Reached XP level 8. HP: 36/70 MP: 7/7
  3505 | D:4      | Reached skill level 6 in Shields
  3618 | D:4      | Noticed Dowan
  3619 | D:4      | Noticed Duvessa
  3653 | D:4      | Killed Duvessa
  3664 | D:4      | Killed Dowan
  3690 | D:4      | Found a staircase to the Ecumenical Temple.
  3854 | D:5      | Entered Level 5 of the Dungeon
  3907 | D:5      | Found a stormy altar of Qazlal.
  4130 | D:5      | Found an opulent altar of Gozag.
  4310 | D:6      | Found a blossoming altar of Fedhas.
  4676 | D:6      | Reached skill level 7 in Shields
  4781 | D:6      | Found a sparkling altar of Nemelex Xobeh.
  4781 | D:6      | Found a shadowy altar of Dithmenos.
  4786 | D:6      | Became a worshipper of Nemelex Xobeh the Trickster
  5017 | D:6      | Received a gift from Nemelex Xobeh
  5632 | D:7      | Reached XP level 9. HP: 75/78 MP: 8/8
  6116 | D:7      | Reached skill level 8 in Shields
  6376 | D:8      | Reached * piety under Nemelex Xobeh
  6446 | D:8      | Noticed Erica
  6455 | D:8      | Killed Erica
  6455 | D:8      | Reached skill level 1 in Stealth
  6472 | D:8      | Received a gift from Nemelex Xobeh
  6478 | D:8      | Found a shimmering altar of Xom.
  6547 | D:8      | Found a staircase to the Lair.
  6631 | D:8      | Noticed a queen bee
  6646 | D:8      | Killed a queen bee
  6665 | D:8      | Reached skill level 9 in Shields
  6684 | D:8      | Reached XP level 10. HP: 34/88 MP: 9/9
  7371 | Lair:1   | Entered Level 1 of the Lair of Beasts
  7482 | Lair:1   | Found a dark tunnel.
  7488 | Lair:1   | Reached skill level 10 in Shields
  7495 | Volcano  | Entered a volcano
  7520 | Volcano  | Noticed a deep elf mage
  7550 | Volcano  | Reached skill level 5 in Throwing
  7573 | Volcano  | HP: 4/90 [deep elf mage/bolt of cold (25)]
  7579 | Volcano  | Killed a deep elf mage
  8311 | Lair:1   | Noticed a spiny frog
  8318 | Lair:1   | Killed a spiny frog
  8373 | Lair:2   | Noticed a spiny frog
  8386 | Lair:1   | Slain by a spiny frog

Skill      XL: |  1  2  3  4  5  6  7  8  9 10 |
---------------+-------------------------------+-----
Armour         | 4 5 6 7 8 9 |  9.8
Fighting       | 4 5 6 8 |  8.9
Shields        | 4 5 7 9 10 | 10.3
Dodging        | 1 |  1.6
Axes           | 3 4 5 7 8 9 |  9.7
Throwing       | 1 2 3 4 5 |  5.4
Stealth        | 1 |  1.2
Evocations     | |  0.5

Action                   |  1- 3 |  4- 6 |  7- 9 | 10-12 || total
-------------------------+-------+-------+-------+-------++-------
Melee: War axe           |   100 |   135 |   262 |   125 ||   622
       Headbutt          |    10 |    31 |    50 |    33 ||   124
       Battleaxe         |       |       |       |    22 ||    22
Evoke: Wand              |       |       |     8 |     1 ||     9
       Deck              |       |       |     2 |       ||     2
  Use: Potion            |       |       |     1 |     7 ||     8
       Scroll            |       |       |    20 |     2 ||    22
  Eat: Chunk             |     1 |       |     7 |     1 ||     9
       Bread ration      |     1 |       |     1 |       ||     2
       Fruit             |       |     2 |       |     1 ||     3
       Pizza             |       |       |       |     2 ||     2
       Beef jerky        |       |       |       |     1 ||     1
Armor: Scale mail        |    48 |    37 |       |       ||    85
       Plate armour      |       |    29 |   192 |    99 ||   320
       Skin              |       |       |       |     4 ||     4
Dodge: Dodged            |    43 |    37 |    63 |    48 ||   191
Block: Shield            |    60 |    91 |   169 |    77 ||   397
